Map: Solaris LE

Players

LokiKobra

  • Race: Terran Terran
  • League: Bronze
  • Spawn Location: 1:00

demzi - Winner!

  • Race: Zerg Zerg
  • League: Silver
  • Spawn Location: 7:00

VOD

Have the link to the VOD?

Description

Time

  • Played on: March 20, 2024, 7:24 p.m.
  • Length: 11:31
Show
View Real Time Build Order
Export as new Build Order

LokiKobra Terran 

Build Orders:  

Get SALT Encoding   

  12  0:00  SCV  
  13  0:12  SCV  
  14  0:17  Supply Depot  
  14  0:37  Refinery  
  14  0:40  Barracks  
  14  0:41  SCV  
  15  0:54  SCV  
  16  1:11  SCV  
  17  1:23  SCV  
  17  1:24  Barracks  
  18  1:30  Barracks  
  18  1:36  SCV  
  19  1:46  Supply Depot  
  19  1:49  SCV  
  20  2:08  Command Center  
  20  2:17  Barracks Reactor  
  20  2:20  Barracks Tech Lab  
  20  2:26  Factory  
  20  2:36  Orbital Command  
  20  2:40  Marine  
  21  2:47  Stimpack  
  21  2:55  Marine, Refinery  
  21  3:12  Marine  
  22  3:22  Supply Depot  
  22  3:25  SCV  
  23  3:28  Marine  
  23  3:29  Marine  
  25  3:34  Starport  
  25  3:37  SCV  
  26  3:47  Barracks  
  26  3:49  Marine x2, SCV  
  26  3:51  Marine  
  30  3:56  Factory Reactor  
  30  4:01  SCV  
  31  4:12  Medivac  
  33  4:21  Command Center  
  33  4:27  Combat Shield  
  33  4:31  Marine x2  
  34  4:37  Supply Depot  
  35  4:43  Supply Depot  
  35  4:46  Marine  
  36  4:55  Factory Tech Lab  
  36  5:01  Marine x2  
  36  5:03  Marine  
  36  5:06  Medivac  
  41  5:19  Marine x2  
  43  5:24  Factory Tech Lab  
  43  5:27  Concussive Shells  
  43  5:29  Marauder  
  43  5:31  Marauder  
  47  5:35  Medivac  
  49  5:48  Marine  
  49  5:49  Marine  
  51  5:51  Marauder  
  52  6:30  Marauder x2, Marine x2  
  49  6:37  Orbital Command  
  49  6:38  SCV  
  49  6:39  Barracks x2  
  50  6:47  Medivac  
  50  6:49  Medivac  
  50  6:50  SCV  
  50  6:52  Marauder x2  
  59  6:55  Engineering Bay  
  59  7:00  Marine x2  
  61  7:02  SCV  
  61  7:08  Siege Tank  
  65  7:22  SCV  
  66  7:23  Supply Depot  
  66  7:24  SCV  
  66  7:25  Supply Depot  
  66  7:27  Terran Infantry Weapons Level 1  
  67  7:31  Barracks Reactor  
  67  7:32  Barracks Reactor  
  67  7:38  SCV x2  
  69  7:50  SCV x2  
  71  7:52  Missile Turret  
  71  7:53  Missile Turret  
  71  7:56  Marauder x2, Marine x2  
  77  8:09  Supply Depot  
  77  8:10  SCV x2  
  77  8:11  Marine x2  
  77  8:12  Marine  
  82  8:13  Supply Depot  
  82  8:16  Medivac  
  84  8:25  SCV x2  
  86  8:31  Siege Tank  
  89  8:34  Supply Depot  
  89  8:40  Refinery  
  89  8:42  Marauder x2, Marine x2, Refinery  
  95  8:52  SCV x2  
  95  8:55  Marine x2  
  98  8:59  Armory  
  99  9:02  Supply Depot  
  99  9:03  Marauder  
  99  9:04  SCV  
  99  9:05  SCV  
  103  9:18  SCV x2  
  105  9:28  Command Center  
  105  9:44  Marauder x2, Marine x4  
  105  9:45  Marine  
  114  9:52  Siege Tank  
  117  9:53  Supply Depot  
  117  9:58  Supply Depot x2  
  117  10:09  Supply Depot  
  117  10:14  Medivac x2  
  117  10:16  Marauder x2, Marine  
  117  10:19  Marine  
  127  10:31  Supply Depot  
  96  10:45  SCV  
  96  10:46  SCV  
  98  10:52  Factory  
  98  10:54  Marauder, Marine x3  
  98  10:55  Marine x2, Marauder  
  109  11:19  Missile Turret  
Show
View Real Time Build Order
Export as new Build Order

demzi Zerg - Winner!

Build Orders: Hatch First, Swarm Host 

Get SALT Encoding   

  12  0:00  Drone  
  13  0:12  Overlord  
  13  0:17  Drone  
  14  0:31  Drone x2  
  16  0:49  Hatchery  
  15  0:52  Drone  
  15  0:56  Drone  
  17  1:00  Drone  
  18  1:05  Extractor  
  17  1:17  Spawning Pool  
  16  1:19  Drone  
  16  1:22  Drone  
  18  1:28  Drone  
  19  1:39  Drone  
  20  1:52  Overlord  
  20  2:05  Queen x2  
  20  2:06  Zergling x2  
  20  2:07  Zergling x2  
  26  2:12  Drone  
  26  2:13  Drone  
  28  2:22  Drone  
  29  2:23  Drone  
  30  2:32  Drone  
  30  2:34  Drone  
  32  2:43  Lair  
  32  2:47  Queen  
  32  2:48  Overlord  
  32  2:51  Overlord  
  32  3:15  Drone  
  32  3:16  Drone x6  
  32  3:17  Drone x3  
  42  3:23  Roach Warren  
  42  3:26  Evolution Chamber  
  40  3:31  Evolution Chamber  
  40  3:32  Extractor  
  40  3:33  Drone  
  39  3:37  Extractor  
  38  3:41  Queen  
  38  3:48  Drone x3  
  43  3:50  Drone  
  43  3:51  Drone x2  
  43  3:55  Overlord  
  46  3:58  Drone x2  
  46  4:00  Drone  
  49  4:04  Pneumatized Carapace  
  49  4:07  Glial Reconstitution  
  49  4:10  Overlord  
  49  4:14  Overlord  
  49  4:30  Queen  
  51  4:32  Drone  
  51  4:34  Hatchery  
  51  4:39  Roach  
  51  4:40  Roach x3  
  51  4:43  Roach  
  51  4:45  Roach  
  63  4:48  Roach  
  63  4:50  Roach  
  67  5:04  Zerg Missile Weapons Level 1  
  67  5:05  Zerg Ground Armor Level 1  
  67  5:10  Overlord x2  
  67  5:12  Roach x2  
  67  5:13  Roach  
  73  5:15  Roach  
  75  5:31  Drone x4  
  79  5:37  Drone x6  
  85  5:50  Drone x3  
  88  5:58  Hydralisk Den  
  88  6:02  Drone x2, Infestation Pit  
  86  6:37  Drone x5  
  86  6:38  Drone, Overlord  
  86  6:39  Drone  
  93  6:41  Overlord x5  
  93  6:42  Extractor, Overlord x2  
  93  6:43  Extractor  
  91  6:49  Drone, Extractor  
  91  6:57  Hydralisk x3  
  91  6:58  Hydralisk x2  
  101  7:18  Hatchery  
  100  7:24  Drone x2  
  100  7:25  Drone  
  100  7:26  Drone x3, Overlord x2  
  100  7:27  Overlord  
  100  7:28  Roach x2  
  110  7:34  Overseer  
  110  7:36  Overseer  
  110  7:38  Overseer  
  110  8:05  Overlord x4  
  110  8:07  Hydralisk x10  
  130  8:13  Zerg Missile Weapons Level 2  
  130  8:15  Drone  
  130  8:18  Drone  
  132  8:26  Roach  
  138  8:27  Roach x6  
  138  8:33  Drone x2  
  148  8:41  Drone x3  
  151  8:42  Drone x3  
  151  8:48  Zerg Ground Armor Level 2  
  154  8:50  Muscular Augments  
  154  8:55  Extractor  
  154  8:56  Extractor  
  154  9:01  Roach x6  
  154  9:02  Roach x5  
  174  9:11  Roach x2  
  174  9:12  Roach x4  
  176  9:58  Swarm Host x4  
  176  9:59  Swarm Host x4  
  158  10:44  Roach  
  158  10:45  Roach x22  
Tags
 
Composition
Swarm Host
Matchup
TvZ
Replay Pack
Multiplayer
Spawn Locations
Cross Positions
Add a new tag
Caveats
  • Supply blocks, unpowered buildings, or Contaminate may cause inaccurate times.
  • Supply counts are checked every 10 seconds.